 Dungeon Crawl Stone Soup version 0.24.0-123-gd5b16e6ec5 (webtiles) character file.

Game seed: 5585731535110373190, levelgen mode: deterministic

177 xe267 the Conjurer (level 5, -6/28 HPs)
             Began as a Deep Elf Conjurer on Jan 2, 2020.
             Mangled by a gnoll
             ... wielding a +0 flail
              (9 damage)
             ... on level 3 of the Dungeon.
             The game lasted 00:11:11 (3459 turns).

xe267 the Conjurer (Deep Elf Conjurer)              Turns: 3459, Time: 00:11:12

Health: -6/28      AC:  2    Str:  5    XL:     5   Next: 30%
Magic:  3/13       EV: 13    Int: 21    God:
Gold:   59         SH:  0    Dex: 15    Spells: 7/13 levels left

rFire    . . .     SeeInvis .   e - +1 dagger (speed)
rCold    . . .     Gourm    .   (no shield)
rNeg     . . .     Faith    .   a - +0 robe
rPois    .         Spirit   .   (no helmet)
rElec    .         Reflect  .   (no cloak)
rCorr    .         Harm     .   (no gloves)
MR       .....                  (no boots)
Stlth    ++........             (no amulet)
HPRegen  0.09/turn              (no ring)
MPRegen  0.13/turn              (no ring)

@: no status effects
A: no striking features
a: no special abilities


You were on level 3 of the Dungeon.
You were very hungry.

You visited 1 branch of the dungeon, and saw 3 of its levels.

You collected 59 gold pieces.

Inventory:

Hand Weapons
 e - a +1 dagger of speed (weapon)
Armour
 a - a +0 robe (worn)
Jewellery
 b - an uncursed ring of wizardry {unknown}
Scrolls
 h - a scroll of identify
Comestibles
 c - 7 rations


   Skills:
 + Level 3.1 Dodging
 + Level 2.8 Stealth
 * Level 4.6 Spellcasting
 + Level 6.2 Conjurations


You had 7 spell levels left.
You knew the following spells:

 Your Spells              Type           Power        Failure   Level  Hunger
a - Magic Dart            Conj           ####         1%          1    None
b - Searing Ray           Conj           ####..       1%          2    #......
c - Dazzling Spray        Conj/Hex       ###...       10%         3    ##.....

Your spell library contained the following spells:

 Spells                   Type           Power        Failure   Level  Hunger
 Iskenderun's Mystic Bla  Conj           ####....     9%          4    ####...
 Force Lance              Conj/Tloc      ###.....     30%         4    ####...
 Fulminant Prism          Conj/Hex       ###.......   30%         4    ####...


Dungeon Overview and Level Annotations

Branches:
Dungeon (3/15)

Altars:
Hepliaklqana

Annotations:
D:2 Grinder


Message History

Casting: Dazzling Spray (safe; 10% risk of failure)
Confirm with . or Enter, or press ? or * to list all spells.
Aiming: Dazzling Spray (safe; 10% risk of failure)
Press: ? - help, Shift-Dir - straight line, f/p - gnoll
Aim: a gnoll, wielding a +0 whip (severely wounded, blind)
The spray of energy hits the gnoll.
You kill the gnoll!
The spray of energy misses the gnoll. x2; The gnoll hits you!
The gnoll hits you.
A goblin comes into view. It is wielding a +0 club.
The gnoll hits you.
* * * LOW HITPOINT WARNING * * *
The gnoll closely misses you. The gnoll closely misses you.
The gnoll closely misses you.
There is a stone staircase leading up here.
The gnoll hits you.
* * * LOW HITPOINT WARNING * * *
The gnoll hits you with a +0 flail!
You die...

..............###....##........<.
#####............................
#................(...........
#.................##.........
#............................
#................####........
#...........g.....###........
#........)..gg............... ##
#............@...#... ......
#....#................#.
..####.####...........#
....##..................
........................
...<.....###......#.#...
%....##### #........##.. .....#
#......... #. ...... ..#####


You could see 3 gnolls.

Vanquished Creatures
  4 gnolls
  5 adders (D:2)
  3 oozes
  A worm (D:2)
  7 dart slugs
  A leopard gecko (D:1)
  11 bats
  4 giant cockroaches
  10 goblins
  3 hobgoblins
  6 jackals (D:1)
  2 kobolds
  2 quokkas (D:2)
  A ball python (D:1)
  A frilled lizard (D:2)
  7 rats
68 creatures vanquished.

Notes
Turn   | Place    | Note
-------+----------+-------------------------------------------
     0 | D:1      | xe267 the Deep Elf Conjurer began the quest for the Orb.
     0 | D:1      | Reached XP level 1. HP: 10/10 MP: 6/6
   101 | D:1      | Reached XP level 2. HP: 15/15 MP: 6/8
   314 | D:1      | Reached skill level 5 in Conjurations
   426 | D:1      | Learned a level 2 spell: Searing Ray
   630 | D:1      | Reached XP level 3. HP: 19/19 MP: 5/9
  1513 | D:2      | Reached XP level 4. HP: 24/24 MP: 9/11
  1705 | D:2      | Learned a level 3 spell: Dazzling Spray
  2207 | D:2      | Reached XP level 5. HP: 28/28 MP: 3/13
  2437 | D:2      | Found a hazy altar of Hepliaklqana.
  2925 | D:3      | Noticed Grinder
  2975 | D:3      | Paralysed by Grinder for 6 turns
  3016 | D:2      | Paralysed by Grinder for 5 turns
  3028 | D:2      | Paralysed by Grinder for 5 turns
  3092 | D:2      | Paralysed by Grinder for 5 turns
  3105 | D:2      | HP: 1/28 [Grinder/nerve-wracking pain (9)]
  3421 | D:3      | Reached skill level 6 in Conjurations
  3459 | D:3      | Mangled by a gnoll

Levels and vault maps discovered:
D:1:      dpeg_arrival_windows_large_door, layout_loops_ring
D:2:      minmay_angry_zag, layout_rooms, old_standard_altar,
          serial_co_window_serial, co_window_paths_b, co_window_corner_a,
          co_window_paths_a, co_window_corner_a, co_window_paths_b,
          co_window_paths_a, co_window_paths_a, co_window_cross_1,
          co_window_cross_1, co_window_broadway_c, co_window_of_opportunity_c,
          co_window_corner_b, co_window_corner_b, glass_columns_a,
          glass_columns_b, glass_columns_a
D:3:      layout_rooms, serial_forest, infiniplex_forest_clump_small,
          infiniplex_forest_straight_1, infiniplex_forest_lined_corner,
          infiniplex_forest_corner_2, infiniplex_forest_lined_room_2,
          infiniplex_forest_corner_1, infiniplex_forest_3_way, uniq_grinder,
          uniq_crazy_yiuf_cottage

Skill      XL: |  1  2  3  4  5 |
---------------+----------------+-----
Conjurations   | 5 6 |  6.2
Dodging        | 3 |  3.1
Spellcasting   | 4 |  4.6
Stealth        | |  2.8

Action                   |  1- 3 |  4- 6 || total
-------------------------+-------+-------++-------
Melee: Dagger            |       |     4 ||     4
       Unarmed           |       |     9 ||     9
 Cast: Magic Dart        |    54 |    51 ||   105
       Searing Ray       |     6 |     7 ||    13
       Dazzling Spray    |       |     8 ||     8
  Use: Scroll            |     4 |     2 ||     6
       Potion            |     1 |     4 ||     5
  Eat: Chunk             |     2 |     5 ||     7
Armor: Robe              |     7 |     7 ||    14
       Skin              |       |     1 ||     1
Dodge: Dodged            |    16 |    32 ||    48
